 Dungeon Crawl Stone Soup version 0.31-a0-366-ga77b45bd9b (webtiles) character file.

Game seed: 4434626829543630155

453 Locuples the Stinger (level 7, -8/55 HPs)
             Began as a Naga Venom Mage on July 28, 2023.
             Mangled by Menkaure (23 damage)
             ... on level 5 of the Dungeon.
             The game lasted 00:12:15 (3769 turns).

Locuples the Stinger (Naga Venom Mage)              Turns: 3769, Time: 00:12:16

Health: -8/55      AC:  3    Str: 10    XL:     7   Next: 5%
Magic:  9/13       EV: 10    Int: 18    God:
Gold:   133        SH:  0    Dex: 11    Spells: 10/14 levels left

rFire   . . .        (no weapon)
rCold   . . .        (no shield)
rNeg    . . .        a - +0 robe
rPois   +            (no helmet)
rElec   .            (no cloak)
rCorr   .            (no gloves)
SInv    +            (no barding)
Will    .....        (no amulet)
Stlth   ++           (no ring)
HPRegen 0.29/turn    (no ring)
MPRegen 0.13/turn

%: no passive effects
@: very slow
A: AC +2, large, see invisible, deformed body, poison resistance, slowness 2,
spit poison 1, naga tail 1
a: Spit Poison


You were on level 5 of the Dungeon.
You visited 1 branch of the dungeon, and saw 5 of its levels.

You collected 133 gold pieces.

Inventory:

Armour
 a - a +0 robe (worn)
Jewellery
 q - a ring of ice
Wands
 p - a wand of iceblast (7)
 t - a wand of quicksilver (6)
Scrolls
 c - 2 scrolls of fog {unknown}
 d - 3 scrolls of identify
 e - a scroll of vulnerability {unknown}
 g - a scroll of immolation {unknown}
 h - a scroll of acquirement {unknown}
 i - a scroll of enchant weapon {unknown}
 k - a scroll of blinking {unknown}
 m - a scroll of teleportation {unknown}
 o - a scroll of torment {unknown}
 s - a scroll of fear {unknown}
 v - a scroll of enchant armour {unknown}
 w - a scroll of amnesia {unknown}
Potions
 b - a potion of magic
 f - a potion of mutation {unknown}
 j - 2 potions of curing {unknown}
 l - 2 potions of attraction {unknown}
 n - a potion of brilliance {unknown}
 r - 2 potions of resistance
 u - a potion of lignification {unknown}


   Skills:
 + Level 2.5 Dodging
 + Level 3.2 Stealth
 + Level 4.3 Spellcasting
 + Level 3.2 Transmutations
 + Level 6.3 Poison Magic


You had 10 spell levels left.
You knew the following spells:

 Your Spells              Type           Power      Damage    Failure   Level
a - Sting                 Tmut/Pois      84%        1d7       1%          1
b - Mephitic Cloud        Conj/Pois/Air  11%        N/A       19%         3

Your spell library contained the following spells:

 Spells                   Type           Power      Damage    Failure   Level
 Poisonous Vapours        Pois/Air       30%        N/A       6%          2
 Wereblood                Tmut           15%        N/A       6%          2
 Olgreb's Toxic Radiance  Pois           26%        N/A       11%         4
 Magic Dart               Conj           12%        1d3       14%         1
 Necrotise                Necr           12%        1d4       14%         1
 Call Imp                 Summ           6%         N/A       22%         2
 Sublimation of Blood     Necr           3%         N/A       22%         2
 Vampiric Draining        Necr           3%         2d6       38%         3
 Agony                    Necr           3%         N/A       98%         5
 Summon Hydra             Summ           1%         N/A       100%        7


Dungeon Overview and Level Annotations

Branches:
Dungeon (5/15)
 Temple: D:4-7

Altars:
Kikubaaqudgha
Qazlal
Sif Muna
Vehumet

Annotations:
D:5 Grinder, Menkaure


Innate Abilities, Weirdness & Mutations

Your serpentine skin is tough. (AC +2)
You have supernaturally acute eyesight. (SInv)
Armour fits poorly on your strangely shaped body.
Your system is resistant to poisons. (rPois)
You cover ground very slowly.
You can spit poison.
You have a snake-like lower body.


Message History

The sting hits the hound.
The hound looks even sicker.
The hound is severely wounded.
The hound bites you but does no damage. The hound barely misses you.
Menkaure barely misses you.
You have got your breath back.
Grinder blinks!
The hound barely misses you.
Aiming: Spit Poison (1% risk of failure)
Press: ? - help, Shift-Dir - straight line, f - Menkaure, p - hound
Aim: Menkaure (81% to hit)
The splash of poison misses Menkaure.
You kill the hound!
Menkaure calls on the powers of darkness!
Your body is wracked with pain!
* * * LOW HITPOINT WARNING * * *
Aiming: Sting (safe; 1% risk of failure)
Press: ? - help, Q - select action, (/) - cycle Shift-Dir - straight line, f/p - Menkaure
Aim: Menkaure (89% to hit)
The sting hits Menkaure.
Menkaure partially resists.
Menkaure is lightly damaged.
Aiming: Sting (safe; 1% risk of failure)
Press: ? - help, Q - select action, (/) - cycle Shift-Dir - straight line, f/p - Menkaure
Aim: Menkaure (lightly damaged, 89% to hit)
The sting hits Menkaure.
Menkaure partially resists.
Menkaure is lightly damaged.
Menkaure casts a spell at you. You resist with significant effort.
Unknown command.
Menkaure mumbles some strange words.
Menkaure seems to speed up.
Aiming: Sting (safe; 1% risk of failure)
Press: ? - help, Q - select action, (/) - cycle Shift-Dir - straight line, f/p - Menkaure
Aim: Menkaure (lightly damaged, fast, 89% to hit)
The sting hits Menkaure.
Menkaure partially resists.
Menkaure is lightly damaged.
As you read the scroll labelled PUAMOOS LE RIK, it crumbles to dust.
It is a scroll of identify.
r - 2 potions of resistance You have got your breath back.
Menkaure closely misses you. Menkaure hits you!!
You die...

.. .. ....... # #.
.#..... ##. >## ......
...# ..# #...# .. #..#
#.# #...#..#.
#...###.###........ #
#.#.....#...!#.....
#.###.###....M...$.....
............@..###.....
#.......#.#..# .=...
#......##.#..# ....
#......##.#.... .<.
#####..........# ##.
#..........#
#..........#
#..........#
#.#####........


You could see Menkaure (fast).

Vanquished Creatures
  A scorpion (D:5)
  3 hounds
  An orc priest (D:3)
  3 iguanas
  An orc wizard (D:4)
  9 adders
  A worm (D:4)
  3 dart slugs
  10 orcs
  10 endoplasms
  5 giant cockroaches
  5 goblins
  5 hobgoblins
  7 jackals
  6 ball pythons
  6 bats
  5 frilled lizards
  6 kobolds
  3 rats
90 creatures vanquished.

Notes
Turn   | Place    | Note
-------+----------+-------------------------------------------
     0 | D:1      | Locuples the Naga Venom Mage began the quest for the Orb.
     0 | D:1      | Reached XP level 1. HP: 15/15 MP: 3/3
   155 | D:1      | Reached XP level 2. HP: 22/22 MP: 5/5
   468 | D:1      | Reached XP level 3. HP: 23/28 MP: 2/6
   721 | D:2      | Found a faded altar of an unknown god.
  1044 | D:2      | Reached skill level 5 in Poison Magic
  1444 | D:3      | Reached XP level 4. HP: 18/36 MP: 2/8
  1706 | D:3      | Found a shimmering blue altar of Sif Muna.
  1706 | D:3      | Found an ancient bone altar of Kikubaaqudgha.
  1708 | D:3      | Found a radiant altar of Vehumet.
  1716 | D:3      | Got Sif Muna's Lectures on Evolution
  1768 | D:3      | Reached XP level 5. HP: 42/42 MP: 6/9
  2449 | D:4      | Learned a level 3 spell: Mephitic Cloud
  2456 | D:4      | Found a stormy altar of Qazlal.
  2727 | D:4      | Reached XP level 6. HP: 49/49 MP: 9/11
  3223 | D:4      | Reached skill level 6 in Poison Magic
  3657 | D:5      | Entered Level 5 of the Dungeon
  3711 | D:5      | Reached XP level 7. HP: 43/55 MP: 8/13
  3756 | D:5      | Noticed Menkaure
  3761 | D:5      | Noticed Grinder
  3769 | D:5      | Mangled by Menkaure

Illustrated notes

Levels and vault maps discovered:
D:1:      minmay_arrival_loop, layout_rooms
D:2:      layout_basic, basic_ecumenical_altar
D:3:      layout_basic, grunt_temple_overflow_magic_moments,
          minmay_misc_feat_secret_circle, kennysheep_generic_room_3
D:4:      layout_loops_ring, nicolae_qazlal_general_emergency,
          guppyfry_early_lair_pool
D:5:      layout_rooms, serial_shops, shop, uniq_menkaure, uniq_grinder

Skill      XL: |  1  2  3  4  5  6 |
---------------+-------------------+-----
Poison Magic   | 5 6 |  6.3
Spellcasting   | 3 4 |  4.3
Transmutations | 2 3 |  3.2
Dodging        | 2 |  2.5
Stealth        | |  3.2

Action                     |  1- 3 |  4- 6 |  7- 9 || total
---------------------------+-------+-------+-------++-------
  Melee: Unarmed           |     2 |    12 |       ||    14
   Cast: Sting             |    52 |   117 |     5 ||   174
Ability: Spit Poison       |    21 |    33 |     2 ||    56
    Use: Scroll            |       |       |     1 ||     1
 Armour: Robe              |     2 |    20 |     2 ||    24
  Dodge: Dodged            |    18 |    52 |     4 ||    74

Table legend: (Time is in decaauts)
 A = Elapsed time spent in this place.
 B = Non-inter-level travel time spent in this place.
 C = Inter-level travel time spent in this place.
 D = Time resting spent in this place.
 E = Time spent auto-exploring this place.
 F = Levels seen in this place.
 G = Mean time per level.
                   A        B        C        D        E       F      G
               +--------+--------+--------+--------+--------+-----+--------+
         Total |   4566 |   4566 |      0 |    408 |   3194 |   5 |  913.2 |
       Dungeon |   4566 |   4566 |      0 |    408 |   3194 |   5 |  913.2 |
               +--------+--------+--------+--------+--------+-----+--------+

Top non-repeatable levels by time:
     D:4: 1430 daAuts
     D:3: 1330 daAuts
     D:2: 854 daAuts
     D:1: 831 daAuts
     D:5: 119 daAuts
